 Dungeon Crawl Stone Soup version 0.26-a0-639-g72c4674329 (webtiles) character file.

Game seed: 10114149775647036338

(classic levelgen) 262025 EnegeticOcto the Severer (level 18, -13/177 HPs)
             Began as a Deep Dwarf Fighter on Sept 28, 2020.
             Was the Champion of Makhleb.
             Killed from afar by an electric golem (37 damage)
             ... with a bolt of lightning
             ... on level 2 of the Realm of Zot.
             The game lasted 00:16:53 (15632 turns).

EnegeticOcto the Severer (Deep Dwarf Fighter)      Turns: 15632, Time: 00:16:54

Health: -13/177    AC: 27    Str: 32    XL:     18   Next: 75%
Magic:  15/15      EV: 11    Int: 11    God:    Makhleb [******]
Gold:   1038       SH: 20    Dex: 12    Spells: 17/17 levels left

rFire    + + .     SeeInvis .   a - +8 broad axe of Valour {freeze, Str+6}
rCold    + + .     Faith    .   N - +0 kite shield of Qiuddusm {rC+ MR+}
rNeg     + . .     Spirit   .   L - +0 gold dragon scales
rPois    +         Reflect  +   (no helmet)
rElec    .         Harm     .   t - +2 cloak
rCorr    .         Rampage  .   u - +2 pair of gloves
MR       +++..                  (no boots)
Stlth    ..........             y - amulet of reflection
HPRegen  0.00/turn              C - +4 ring of slaying
MPRegen  0.14/turn              b - ring of protection from fire

@: non-regenerating
A: damage resistance, heal wounds, negative energy resistance 1, sense
surroundings 3, screaming 1, no regeneration
}: 3/15 runes: barnacled, abyssal, gossamer
a: Heal Wounds, Minor Destruction, Lesser Servant of Makhleb, Major Destruction,
Greater Servant of Makhleb, Renounce Religion


You were on level 2 of the Realm of Zot.
You worshipped Makhleb.
Makhleb was exalted by your worship.
You visited 8 branches of the dungeon, and saw 36 of its levels.
You visited the Abyss 1 time.

You collected 5833 gold pieces.
You spent 4795 gold pieces at shops.

Inventory:

Hand Weapons
 a - the +8 broad axe of Valour (weapon) {freeze, Str+6}
   (You acquired it on level 2 of the Orcish Mines)

   It has been specially enchanted to freeze those struck by it, causing extra
   injury to most foes and up to half again as much damage against particularly
   susceptible opponents.
   It can also slow down cold-blooded creatures.
   It affects your strength (+6).
 z - a +3 scimitar of distortion
Missiles
 O - a throwing net (quivered)
Armour
 q - a +1 plate armour of magic resistance
 t - a +2 cloak (worn)
 u - a +2 pair of gloves (worn)
 L - +0 gold dragon scales (worn)
 N - the +0 kite shield of Qiuddusm (worn) {rC+ MR+}
   (You bought it in a shop on level 15 of the Dungeon)

   It protects you from cold.
   It affects your resistance to hostile enchantments.
Jewellery
 b - a ring of protection from fire (right hand)
 j - an uncursed ring of poison resistance
 s - an uncursed ring of fire {unknown}
 y - an amulet of reflection (around neck)
 C - a +4 ring of slaying (left hand)
 P - the amulet of Spring {Acrobat MP-9 Int+7 Dex-5 Slay+3}
   (You found it on level 15 of the Dungeon)

   [amulet of the acrobat]

   It helps you evade while moving and waiting.
   It affects your intelligence (+7).
   It affects your dexterity (-5).
   It affects your accuracy and damage with ranged weapons and melee attacks
   (+3).
   It affects your magic capacity (-9).
 R - an uncursed ring of protection from cold {unknown}
Wands
 l - a wand of iceblast (6) {@v2}
 o - a wand of digging (8) {@v3}
 J - a wand of paralysis (18)
 M - a wand of acid (8) {@v1}
Scrolls
 c - a scroll of summoning
 e - 3 scrolls of immolation {@r4}
 f - 8 scrolls of remove curse {@r2}
 m - a scroll of fear
 n - 13 scrolls of teleportation {@r3}
 E - 6 scrolls of identify {@r1}
 I - a scroll of holy word
 Q - 2 scrolls of fog
 S - a scroll of brand weapon {unknown}
 T - a scroll of noise {unknown}
Potions
 d - 2 potions of might {@q3}
 h - 3 potions of mutation
 i - 4 potions of stabbing {@q5}
 k - 3 potions of ambrosia
 p - 4 potions of heal wounds {@q2}
 v - 11 potions of curing {@q1}
 w - 2 potions of resistance {@q6}
 x - 4 potions of lignification {@q7}
 A - 2 potions of flight
 B - a potion of berserk rage {unknown}
 G - 2 potions of magic
 H - a potion of haste {@q4}
 K - a potion of invisibility
Miscellaneous
 g - a condenser vane (2/2)
 r - a tin of tremorstones (3/3)
 F - a box of beasts (3/3)


   Skills:
 * Level 14.9 Fighting
 - Level 18.0 Axes
 + Level 15.0 Armour
 + Level 9.6 Dodging
 + Level 14.9 Shields
 + Level 15.8 Invocations
 - Level 10.0 Evocations


You had 17 spell levels left.
You didn't know any spells.
Your spell library was empty.

Dungeon Overview and Level Annotations

Branches:
Dungeon (15/15)            Temple (1/1) D:7            Lair (3/6) D:8
 Shoals (4/4) Lair:3       Spider (4/4) Lair:2          Orc (2/2) D:11
    Elf (0/3) Orc:2        Vaults (0/5) D:13         Depths (5/5) D:15
    Zot (2/5) Depths:5

Altars:
Cheibriados
Fedhas
Gozag
Makhleb
Nemelex Xobeh
Vehumet
Wu Jian
Xom
Zin
The Shining One

Shops:
D:15 *[((   Orc:2 [!?(   Depths:5 (

Portals:
Hell: Depths:1 Depths:4
Abyss: Depths:4
Pandemonium: Depths:3


Innate Abilities, Weirdness & Mutations

You are resistant to damage.
You can heal yourself by infusing magical energy.
You resist negative energy. (rN+)
You passively map a large area around you.
You do not regenerate.
You occasionally shout uncontrollably at your foes.


Message History

Found a plate armour.
Found an escape hatch in the ceiling.
No target in view!
No target in view!
No target in view!
No target in view!
No target in view!
No target in view!
No target in view!
No target in view!
No target in view!
No target in view!
No target in view!
A white draconian stormcaller comes into view.
It is wielding a +0 long sword.
The white draconian stormcaller roars!
You hear a roar! x2
The white draconian stormcaller invokes the aid of Qazlal against you.
Qazlal smites you!
A white draconian stormcaller is nearby!
An electric golem comes into view.
The electric golem hurls lightning at you.
The bolt of lightning hits you.
The electric golem hurls lightning at you.
The bolt of lightning hits you!!
A red draconian comes into view. It is wielding a +0 long sword.
You shout at the black draconian!
A black draconian comes into view. It is wielding a +0 scimitar.
The black draconian roars!
You hear a roar!
You hear a deafening roar!
The electric golem hurls lightning at you.
The bolt of lightning hits you!!
You hear a roar!
You shout at the purple draconian!
A purple draconian comes into view. It is wielding a +0 flail.
The purple draconian roars!
You barely miss the white draconian stormcaller.
You slash the white draconian stormcaller!
You freeze the white draconian stormcaller.
The white draconian stormcaller is lightly wounded.
The white draconian stormcaller hits you but does no damage.
You slice the white draconian stormcaller!!
You freeze the white draconian stormcaller.
The white draconian stormcaller is severely wounded.
You hear a roar!
The electric golem hurls lightning at you.
The bolt of lightning hits you!!
A storm dragon comes into view.
The white draconian stormcaller hits you with a +0 long sword.
You are too injured to fight recklessly!
You are too injured to fight recklessly!
You are too injured to fight recklessly!
You are too injured to fight recklessly!
You are too injured to fight recklessly!
You are too injured to fight recklessly!
You are too injured to fight recklessly!
You are too injured to fight recklessly!
You are too injured to fight recklessly!
You are too injured to fight recklessly!
You are too injured to fight recklessly!
You are too injured to fight recklessly!
You are too injured to fight recklessly!
You are too injured to fight recklessly!
You are too injured to fight recklessly!
Your magical essence is drained by the effort!
You feel much better.
The electric golem hurls lightning at you.
The bolt of lightning hits you!
A red draconian annihilator comes into view.
It is wielding a +2 rapier of venom.
The electric golem hurls lightning at you.
The bolt of lightning hits you!!
* * * LOW HITPOINT WARNING * * *
The red draconian breathes flames at you.
The searing blast hits you. You resist.
You feel much better.
The electric golem crackles and sizzles.
The electric golem hurls lightning at you.
The bolt of lightning misses you.
The white draconian stormcaller mumbles some strange prayers to Qazlal against you.
Qazlal smites you!
You feel much better.
The white draconian stormcaller hits you but does no damage.
The electric golem hurls lightning at you.
The bolt of lightning hits you!! The bolt of lightning hits you!!!
* * * LOW HITPOINT WARNING * * *
The bolt of lightning hits the electric golem.
The electric golem completely resists.
The red draconian hits you but does no damage.
You are too injured to fight recklessly!
You are too injured to fight recklessly!
You are too injured to fight recklessly!
You are too injured to fight recklessly!
You are too injured to fight recklessly!
You are too injured to fight recklessly!
You are too injured to fight recklessly!
You are too injured to fight recklessly!
Okay, then.
You feel much better.
The electric golem hurls lightning at you.
The bolt of lightning hits you!
* * * LOW HITPOINT WARNING * * *
The bolt of lightning hits you!!!
You die...

, ,, , * ,
....... , , ,
,..... *, , * *
*, ..... ,, , , *
#.. #...## * , ,
#.., #..q.# , * *
#... .d..# .. ,,
#...####qd.##...,
,,
#.......@d..D.<.
,,
#........8......
* * ,,
#...............
* #...
#...............
#...
####○...#..#+#..
#..:
#....+..#.#,.
#... ##....#....#
,, , ,#...
###..........# ,
, #...
#............# ,,
#...


You could see an electric golem, a storm dragon, a black draconian, a purple
draconian, a red draconian (catching breath), a white draconian stormcaller and
a red draconian annihilator.

Vanquished Creatures
  Saint Roka (Depths:1)
  2 golden dragons (Depths:4)
  A bone dragon (Depths:5)
  Jorgrun (D:14)
  2 tentacled monstrosities
  A titan (Depths:4)
  A death cob (Zot:2)
  Polyphemus (Shoals:4)
  2 shadow dragons
  A tengu reaver (Depths:4)
  Ilsuiw (Shoals:2)
  A draconian monk (Depths:5)
  3 ghost moths (Spider:4)
  3 fire giants (Depths:4)
  3 emperor scorpions (Spider:4)
  A frost giant (Depths:4)
  2 spriggan defenders (Depths:4)
  2 very ugly things
  An entropy weaver (Spider:4)
  7 stone giants
  2 green draconians (Depths:5)
  A deep elf annihilator (Depths:4)
  9 spark wasps
  2 merfolk javelineers (Shoals:4)
  Snorg (D:12)
  2 ettins
  A deep elf death mage (Depths:4)
  3 fire dragons
  3 jiangshi (Depths:4)
  2 yaktaur captains (Depths:5)
  2 ogre magi
  7 merfolk impalers
  2 vault guards (D:13)
  A rakshasa (Depths:2)
  Fannar (Lair:1)
  2 great orbs of eyes
  A naga warrior (Abyss:3)
  2 spriggan air magi (Depths:4)
  4 ice dragons
  5 merfolk aquamancers (Shoals:4)
  7 centaur warriors
  5 two-headed ogres
  A catoblepas (Shoals:4)
  4 satyrs
  4 deep troll shamans
  5 deep troll earth magi
  3 alligator snapping turtles
  A vampire mage (Depths:4)
  2 spriggan berserkers (Depths:4)
  4 death yaks (Shoals:4)
  4 tengu warriors
  4 hell hogs (Depths:4)
  2 thrashing horrors (Abyss:3)
  Urug (Orc:2)
  Sonja (D:11)
  3 orc high priests (Orc:2)
  A salamander mystic (Depths:1)
  2 iron trolls
  A spatial maelstrom (Abyss:3)
  A death drake (shapeshifter) (D:15)
  12 deep trolls
  A flayed ghost (Depths:4)
  An unseen horror (D:11)
  A gelid demonspawn (Depths:3)
  11 sea snakes
  A glowing orange brain (Abyss:3)
  3 wizards
  11 harpies
  6 orc knights
  11 orb spiders
  2 necromancers
  6 orc sorcerers
  17 ugly things
  Pikel (D:4)
  9 wolf spiders
  2 salamanders (Depths:1)
  A shadow dragon skeleton (Abyss:3)
  10 fauns
  6 manticores
  5 cyclopes
  6 merfolk sirens
  3 moths of wrath
  2 centaur zombies (D:15)
  A black mamba (shapeshifter) (Depths:5)
  A rust devil (Depths:3)
  5 water nymphs (Shoals:4)
  2 orange demons (Depths:3)
  4 gargoyles
  2 centaur skeletons (D:15)
  A smoke demon (Abyss:3)
  Maggie (D:9)
  Joseph (D:9)
  4 cane toads
  A torpor snail (Lair:3)
  4 komodo dragons
  A tormentor (Depths:3)
  5 demonic crawlers
  A komodo dragon (shapeshifter) (D:15)
  A tengu conjurer (Depths:1)
  14 yaktaurs
  3 ice devils
  15 merfolk
  4 trolls
  A polar bear (Lair:2)
  13 jumping spiders
  A meliai (shapeshifter) (Depths:4)
  4 raiju (Abyss:3)
  A wind drake (Shoals:4)
  8 hornets
  3 blink frogs (Lair:3)
  A blink frog (shapeshifter) (Depths:4)
  23 slime creatures
  9 snapping turtles
  6 dream sheep
  3 hippogriffs
  18 starcursed masses (Abyss:3)
  A fire dragon skeleton (Depths:1)
  16 redbacks
  2 water elementals
  19 yaks
  A wyvern (D:13)
  A centaur simulacrum (D:15)
  11 tarantellas
  A wraith (D:15)
  3 basilisks
  2 large abominations (Abyss:3)
  5 neqoxecs (Abyss:3)
  19 humans (D:13)
  Menkaure (D:7)
  A small abomination (Abyss:3)
  Duvessa (D:4)
  A water moccasin (Lair:2)
  4 hell hounds (Depths:4)
  8 porcupines
  3 ice beasts
  20 orc warriors
  3 phantoms
  A sky beast (shapeshifter) (D:15)
  An eye of draining (D:11)
  6 sky beasts
  14 ogres
  3 boggarts (D:15)
  6 wolves (Lair:1)
  26 centaurs
  4 crocodiles
  4 big kobolds
  9 bullfrogs
  Dowan (D:4)
  2 wyvern skeletons
  6 scorpions
  5 wights (D:6)
  23 killer bees
  5 howler monkeys
  8 electric eels
  2 jellies
  2 crimson imps (Depths:3)
  A bullfrog zombie (D:13)
  6 quasits
  4 hounds
  16 orc priests
  24 orc wizards
  2 bullfrog skeletons
  2 gnoll shamans
  An iron imp (Depths:3)
  4 iguanas
  8 worker ants
  A hound skeleton (D:4)
  A worker ant zombie (D:7)
  14 gnolls
  11 adders
  4 shadow imps
  3 white imps
  4 ufetubi
  An adder skeleton (D:9)
  2 worms
  2 dart slugs (D:4)
  86 orcs
  A ball python (D:4)
  8 giant cockroaches
  A goblin (D:1)
  A hobgoblin (D:2)
  11 jackals
  18 kobolds
  3 quokkas
  2 bats
  A frilled lizard (D:4)
  A leopard gecko skeleton (D:5)
  A quokka skeleton (D:4)
  A quokka zombie (D:7)
933 creatures vanquished.

Vanquished Creatures (collateral kills)
  A tentacled monstrosity (Depths:5)
  A shadow dragon (Depths:5)
  A frost giant (Depths:5)
  A draconian annihilator (Depths:5)
  An entropy weaver (Spider:1)
  A green draconian (Depths:5)
  A merfolk impaler (Shoals:4)
  An orb spider (Spider:4)
  A faun (Shoals:4)
  A yaktaur (Depths:5)
  A jumping spider (Spider:4)
  5 merfolk (Shoals:4)
  A troll (Orc:1)
  6 redbacks
  A water elemental (Shoals:4)
  A warg (Orc:1)
  An orc wizard (Orc:2)
  4 orcs
30 creatures vanquished.

Vanquished Creatures (others)
  A ghost moth (Spider:4)
  A tengu warrior (Depths:1)
  A deep troll (Depths:5)
  A yaktaur (Depths:5)
  An orc (Orc:2)
  A kobold (D:11)
  2 fungi
  45 plants
53 creatures vanquished.

Grand Total: 1016 creatures vanquished

Notes
Turn   | Place    | Note
-------+----------+-------------------------------------------
     0 | D:1      | EnegeticOcto the Deep Dwarf Fighter began the quest for the
                  | Orb.
     0 | D:1      | Reached XP level 1. HP: 20/20 MP: 1/1
   169 | D:3      | Reached XP level 2. HP: 18/27 MP: 2/2
   266 | D:4      | Noticed a lemure
   266 | D:4      | Noticed Pikel
   267 | D:4      | Noticed a lemure
   267 | D:4      | Noticed a scorpion
   267 | D:4      | Noticed a lemure
   267 | D:4      | Noticed a lemure
   301 | D:4      | Killed Pikel
   301 | D:4      | Reached skill level 5 in Axes
   301 | D:4      | Reached XP level 3. HP: 36/36 MP: 3/3
   301 | D:4      | Reached XP level 4. HP: 44/44 MP: 4/4
   301 | D:4      | Reached XP level 5. HP: 50/50 MP: 5/5
   301 | D:4      | Reached XP level 6. HP: 57/57 MP: 6/6
   424 | D:4      | Reached XP level 7. HP: 53/64 MP: 7/7
   496 | D:4      | Reached skill level 5 in Shields
   512 | D:4      | Reached skill level 5 in Armour
   516 | D:4      | Noticed Duvessa
   518 | D:4      | Noticed Dowan
   526 | D:4      | Killed Duvessa
   526 | D:4      | Reached skill level 6 in Axes
   552 | D:4      | Killed Dowan
   886 | D:4      | Reached XP level 8. HP: 48/73 MP: 7/7
  1067 | D:5      | Entered Level 5 of the Dungeon
  1407 | D:5      | Reached skill level 7 in Axes
  1877 | D:5      | Reached skill level 5 in Fighting
  2061 | D:6      | Reached skill level 8 in Axes
  2409 | D:6      | Gained mutation: You passively map the area around you.
                  | [Deep Dwarf growth]
  2409 | D:6      | Reached XP level 9. HP: 44/81 MP: 6/6
  2730 | D:7      | Found a staircase to the Ecumenical Temple.
  2784 | Temple   | Entered the Ecumenical Temple
  2814 | Temple   | Became a worshipper of Makhleb the Destroyer
  2831 | D:7      | Identified a scroll of acquirement
  2831 | D:7      | Acquired 870 gold pieces
  2850 | D:7      | Noticed Menkaure
  2855 | D:7      | Killed Menkaure
  2871 | D:7      | You fall into a shaft and drop 1 floor!
  2882 | D:8      | Reached skill level 9 in Axes
  2882 | D:8      | Reached skill level 1 in Invocations
  2890 | D:8      | Acquired 610 gold pieces
  2951 | D:8      | Found a staircase to the Lair.
  2970 | D:8      | Reached * piety under Makhleb
  4069 | D:9      | Reached skill level 10 in Axes
  4301 | D:9      | Reached XP level 10. HP: 46/92 MP: 9/9
  4306 | D:9      | Reached ** piety under Makhleb
  4355 | D:9      | Noticed Joseph
  4369 | D:9      | Killed Joseph
  4452 | D:9      | Noticed Maggie
  4470 | D:9      | Killed Maggie
  4661 | D:9      | Reached skill level 5 in Invocations
  4836 | D:10     | Entered Level 10 of the Dungeon
  5106 | D:10     | Reached skill level 11 in Axes
  5143 | D:10     | Reached *** piety under Makhleb
  5799 | D:11     | Noticed a cyclops
  5800 | D:11     | Noticed Sonja
  5813 | D:11     | Killed a cyclops
  5816 | D:11     | Killed Sonja
  5816 | D:11     | Reached XP level 11. HP: 66/100 MP: 10/10
  6019 | D:11     | Found a staircase to the Orcish Mines.
  6026 | D:11     | Reached **** piety under Makhleb
  6110 | D:11     | Killed an unseen horror
  6822 | D:12     | Noticed Snorg
  6848 | Orc:1    | Entered Level 1 of the Orcish Mines
  6882 | Orc:1    | Reached skill level 12 in Axes
  6949 | Orc:1    | Noticed an orc sorcerer
  6952 | Orc:1    | Noticed a soul eater
  6962 | Orc:1    | Killed an orc sorcerer
  7195 | Orc:2    | Entered Level 2 of the Orcish Mines
  7195 | Orc:2    | Noticed an orc knight
  7201 | Orc:2    | Noticed Urug
  7228 | Orc:1    | Reached skill level 1 in Evocations
  7240 | Orc:1    | Killed an orc knight
  7267 | Orc:2    | Killed Urug
  7420 | Orc:2    | Noticed an orc sorcerer
  7448 | Orc:2    | Killed an orc sorcerer
  7458 | Orc:2    | Noticed an orc high priest
  7459 | Orc:2    | Found Naruow's Antique Weapon Shop.
  7470 | Orc:2    | Killed an orc high priest
  7471 | Orc:2    | Noticed an orc knight
  7471 | Orc:2    | Noticed an orc knight
  7471 | Orc:2    | Noticed an orc knight
  7471 | Orc:2    | Noticed an orc high priest
  7474 | Orc:2    | Noticed a soul eater
  7483 | Orc:2    | Killed an orc high priest
  7484 | Orc:2    | Noticed an orc knight
  7490 | Orc:2    | Killed an orc knight
  7492 | Orc:2    | Noticed an orc sorcerer
  7496 | Orc:2    | Killed an orc sorcerer
  7496 | Orc:2    | Reached XP level 12. HP: 68/110 MP: 10/12
  7499 | Orc:2    | Noticed an orc high priest
  7514 | Orc:2    | Killed an orc high priest
  7514 | Orc:2    | Reached skill level 13 in Axes
  7528 | Orc:2    | Found Agyib's Magic Scroll Emporium.
  7543 | Orc:2    | Bought 3 scrolls of acquirement for 2496 gold pieces
  7543 | Orc:2    | Acquired 620 gold pieces
  7544 | Orc:2    | Acquired a +4 ring of slaying
  7545 | Orc:2    | Acquired the +8 broad axe of Valour {freeze, Str+6}
  7555 | Orc:2    | Found Wumef's Distillery.
  7557 | Orc:2    | Found Licausash's Antique Armour Shop.
  7697 | Orc:2    | Reached skill level 10 in Armour
  7708 | Orc:2    | Reached skill level 10 in Shields
  7765 | Orc:2    | Reached ***** piety under Makhleb
  7842 | Orc:2    | Found a staircase to the Elven Halls.
  7949 | Orc:2    | Bought a scroll of acquirement for 832 gold pieces
  7949 | Orc:2    | Acquired 1690 gold pieces
  7951 | Orc:2    | Bought a scroll of enchant armour for 120 gold pieces
  7951 | Orc:2    | Bought a scroll of teleportation for 48 gold pieces
  7959 | Orc:2    | Bought a potion of heal wounds for 85 gold pieces
  7959 | Orc:2    | Bought a potion of might for 68 gold pieces
  7959 | Orc:2    | Bought a potion of heal wounds for 85 gold pieces
  7959 | Orc:2    | Bought a potion of curing for 51 gold pieces
  7959 | Orc:2    | Bought a potion of curing for 51 gold pieces
  7959 | Orc:2    | Bought a potion of curing for 51 gold pieces
  8112 | Lair:1   | Entered Level 1 of the Lair of Beasts
  8174 | Lair:1   | Reached skill level 5 in Evocations
  8192 | Lair:1   | Noticed Fannar
  8219 | Lair:1   | Killed Fannar
  8329 | Lair:2   | Found a hole to the Spider Nest.
  9061 | Lair:3   | Reached XP level 13. HP: 116/121 MP: 13/13
  9258 | Lair:3   | Reached skill level 14 in Axes
  9455 | Lair:3   | Found a staircase to the Shoals.
 10110 | D:13     | Reached skill level 10 in Invocations
 10496 | D:13     | Reached ****** piety under Makhleb
 10547 | D:13     | Found a gate to the Vaults.
 10783 | D:13     | You fall into a shaft and drop 2 floors!
 10783 | D:15     | Entered Level 15 of the Dungeon
 10818 | D:15     | Found Ugalakh's Weapon Boutique.
 10819 | D:15     | Found Cerus's Antique Armour Shop.
 10867 | D:15     | Bought a masterwork kite shield for 266 gold pieces
 10877 | D:15     | Identified the +0 kite shield of Qiuddusm {rC+ MR+} (You
                  | bought it in a shop on level 15 of the Dungeon)
 11003 | D:15     | Reached skill level 15 in Axes
 11012 | D:15     | Gained mutation: You resist negative energy. (rN+) [Deep
                  | Dwarf growth]
 11012 | D:15     | Reached XP level 14. HP: 130/130 MP: 15/15
 11165 | D:15     | Found Ucwybbol's Weapon Emporium.
 11247 | D:15     | Reached skill level 10 in Fighting
 11298 | D:15     | Found a staircase to the Depths.
 11353 | D:15     | Found Fowkolereru's Assorted Antiques.
 11357 | D:15     | Bought a scroll of summoning for 323 gold pieces
 11357 | D:15     | Bought a dark potion for 30 gold pieces
 11357 | D:15     | Bought a scroll of enchant armour for 255 gold pieces
 11357 | D:15     | Bought a scroll labeled METUPT CUSCH for 34 gold pieces
 11454 | D:15     | Found a frozen archway.
 11463 | D:15     | Got a smoking bronze amulet
 11602 | D:14     | Noticed Jorgrun
 11613 | D:14     | Killed Jorgrun
 11677 | D:12     | Killed Snorg
 11802 | Lair:2   | Identified the amulet of Spring {Acrobat MP-9 Int+7 Dex-5
                  | Slay+3} (You found it on level 15 of the Dungeon)
 11816 | Spider:1 | Entered Level 1 of the Spider Nest
 11840 | Spider:1 | Noticed an entropy weaver
 11855 | Spider:1 | Killed an entropy weaver
 12036 | Spider:4 | Entered Level 4 of the Spider Nest
 12090 | Spider:4 | Reached skill level 16 in Axes
 12121 | Spider:4 | Noticed an entropy weaver
 12140 | Spider:4 | Killed an entropy weaver
 12155 | Spider:4 | Killed a ghost moth
 12155 | Spider:4 | Reached skill level 10 in Evocations
 12155 | Spider:4 | Reached XP level 15. HP: 92/140 MP: 0/15
 12189 | Spider:4 | Killed a ghost moth
 12198 | Spider:4 | Reached skill level 1 in Dodging
 12214 | Spider:4 | Killed a ghost moth
 12258 | Spider:4 | Got a gossamer rune of Zot
 12279 | Spider:4 | Killed a ghost moth
 12451 | Shoals:1 | Entered Level 1 of the Shoals
 12471 | Shoals:2 | Noticed Ilsuiw
 12516 | Shoals:2 | Killed Ilsuiw
 12936 | Shoals:4 | Entered Level 4 of the Shoals
 13190 | Shoals:4 | Reached skill level 17 in Axes
 13204 | Shoals:4 | Noticed Polyphemus
 13207 | Shoals:4 | Reached XP level 16. HP: 152/152 MP: 15/15
 13219 | Shoals:4 | Killed Polyphemus
 13308 | Shoals:4 | Identified the +5 leather armour of Dishonour {Str+2 Int+6}
 13470 | Shoals:4 | Reached skill level 5 in Dodging
 13582 | Shoals:4 | Got a barnacled rune of Zot
 13935 | D:15     | Cast into level 3 of the Abyss (unwielding a weapon of
                  | distortion)
 13945 | Abyss:3  | Gained mutation: You occasionally shout uncontrollably at
                  | your foes. [a neqoxec]
 13953 | Abyss:3  | Noticed a lich
 13982 | Abyss:3  | Got an abyssal rune of Zot
 14216 | D:15     | Escaped the Abyss
 14219 | Depths:1 | Entered Level 1 of the Depths
 14276 | Depths:1 | Found a shimmering altar of Xom.
 14358 | Depths:1 | Reached skill level 18 in Axes
 14363 | Depths:1 | Reached XP level 17. HP: 162/162 MP: 16/16
 14373 | Depths:1 | Noticed Saint Roka
 14406 | Depths:1 | Killed Saint Roka
 14505 | Depths:1 | Found a gateway to Hell.
 14672 | Depths:3 | Found a one-way gate leading to the halls of Pandemonium.
 14807 | Depths:4 | Noticed a golden dragon
 14807 | Depths:4 | Noticed a titan
 14827 | Depths:4 | Noticed a golden dragon
 14832 | Depths:4 | Killed a titan
 14834 | Depths:4 | Killed a golden dragon
 14839 | Depths:4 | Found a one-way gate to the infinite horrors of the Abyss.
 14844 | Depths:4 | Killed a golden dragon
 14844 | Depths:4 | Reached skill level 15 in Invocations
 14918 | Depths:4 | Gained mutation: You passively map a large area around you.
                  | [Deep Dwarf growth]
 14918 | Depths:4 | Reached XP level 18. HP: 175/175 MP: 18/18
 15204 | Depths:5 | Entered Level 5 of the Depths
 15205 | Depths:5 | Noticed a tentacled monstrosity
 15213 | Depths:5 | Killed a tentacled monstrosity
 15221 | Depths:5 | Found Buran's Antique Weapon Emporium.
 15240 | Depths:5 | Noticed a bone dragon
 15256 | Depths:5 | Killed a bone dragon
 15287 | Depths:5 | Noticed a tentacled monstrosity
 15294 | Depths:5 | Killed a tentacled monstrosity
 15365 | Depths:5 | Found a gate to the Realm of Zot.
 15381 | Zot:1    | Entered Level 1 of the Realm of Zot
 15389 | Zot:1    | Noticed a tentacled monstrosity
 15396 | Zot:1    | Killed a tentacled monstrosity
 15417 | Zot:1    | Reached skill level 15 in Armour
 15623 | Zot:2    | Noticed an electric golem
 15632 | Zot:2    | Killed from afar by an electric golem

Illustrated notes

Levels and vault maps discovered:
D:1:      matt_arrival_refuge, layout_basic, minmay_misc_feat_five
D:2:      wander_river, layout_basic, solitary_fountain, nrook_uturn,
          minmay_tetromino_t2, uniq_crazy_yiuf_cottage
D:3:      layout_loops_ring, minitemple, marbit_many_paths,
          lemuel_crystal_altar, lemuel_round_altar
D:4:      layout_basic, uniq_duvessa, uniq_pikel
D:5:      wad_crossroads, layout_cave_pods, minmay_fractal_squares_diagonal_5
D:6:      layout_basic
D:7:      layout_loops_ring, minmay_temple_entry_slanted, uniq_menkaure
D:8:      layout_basic, lair_entry_dummy
D:9:      layout_basic, uniq_joseph, uniq_maggie
D:10:     layout_stronghold, serial_glass, glass_columns_a, glass_columns_a,
          glass_columns_c, glass_columns_a, glass_columns_b, glass_columns_a,
          glass_columns_c, glass_columns_a, glass_columns_a, glass_columns_a,
          minmay_strange_pillars, feat_on_display, feat_on_display,
          item_on_display_a
D:11:     layout_basic, hiddenorc2_lemuel, uniq_sonja
D:12:     layout_irregular_city, uniq_snorg
D:13:     layout_long_grid, grunt_vaults_entry_tiered
D:14:     layout_irregular_city, basic_altar, minmay_misc_feat_rows,
          uniq_jorgrun
D:15:     gammafunk_enter_depths_forms, layout_loops_ring, serial_shops, shop,
          shop, shop, nicolae_shop_crystal, portal_ice_cave_demonic_guard,
          roderic_lattice_octagonal_star
Temple:   eino_temple_scatter_basement
Lair:1:   layout_misc_corridors, uniq_fannar
Lair:2:   beast_lair_carwin_large_2, layout_gridlike,
          nicolae_spider_entry_non_spiders
Lair:3:   layout_cave_pods, minmay_shoals_entry_hut, gauntlet_entry_generic,
          beast_lair_carwin_6, grunt_megastairs_2
Shoals:1: layout_shoals
Shoals:2: layout_shoals, wheals_shoals_ruined_temple, uniq_ilsuiw
Shoals:3: layout_shoals
Shoals:4: shoals_end_simple, layout_shoals, uniq_polyphemus
Spider:1: gammafunk_its_a_trap
Spider:2: layout_chambers
Spider:3: layout_chambers
Spider:4: spider_rune_water, gammafunk_ghost_grave, uniq_asterion, uniq_arachne
Orc:1:    layout_caves
Orc:2:    st_orc_elflike, layout_diamond_mine, uniq_urug
Depths:1: layout_small_grid, minmay_strange_pillars, hell_entry, tgw_xom,
          kennysheep_random_hallway, uniq_saint_roka
Depths:2: minmay_the_grid_3x3 [minmay_the_grid_square_x,
          minmay_the_grid_broken_lines, minmay_the_grid_artifice,
          minmay_the_grid_tree, minmay_the_grid_mess,
          minmay_the_grid_small_cups, minmay_the_grid_minigrid_large,
          minmay_the_grid_zigzag_pyramid, minmay_the_grid_prize_trominoes],
          layout_cave_shapes, enter_ziggurat_f, grunt_hell_entry_dis_mu,
          tso_metal_star, infiniplex_staircase_pillars_1
Depths:3: minmay_tri_stars, layout_basic, grunt_pan_entry_spiral, hell_entry,
          dk_noncrumbling_2
Depths:4: minmay_strange_plus, layout_cave_pools, minmay_stone_trees_medium,
          grunt_hell_horde, abyss_entry, kennysheep_generic_room_8,
          infiniplex_staircase_x
Depths:5: evilmike_zot_entry_diamond, layout_cave_shapes,
          pf_vacation_house_of_asmodeus, hangedman_decor_slide_cut,
          abyss_entry_small_statue_room, enter_trove_2, serial_shops,
          nicolae_shop_overgrown_old_shop, chequers_serial_rivers_micro_e,
          drop_trap, uniq_mennas
Zot:1:    layout_basic, not_door_vault_due, grunt_megastairs_1
Zot:2:    grunt_zot_stairs_mandelzot, layout_basic

Skill      XL: |  1  2  3  4  5  6  7  8  9 10 11 12 13 14 15 16 17 18 |
---------------+-------------------------------------------------------+-----
Fighting       | 3 4 5 6 7 8 9 10 11 12 14 | 14.9
Axes           | 5 6 8 10 11 12 13 15 16 17 18 | 18.0
Armour         | 4 5 6 7 8 9 10 11 12 13 14 15 | 15.0
Shields        | 4 5 6 7 8 9 10 11 12 13 14 | 14.9
Invocations    | 3 6 8 9 10 12 13 15 | 15.8
Evocations     | 3 6 8 10 | 10.0
Dodging        | 4 6 8 9 |  9.6

Action                   |  1- 3 |  4- 6 |  7- 9 | 10-12 | 13-15 | 16-18 || total
-------------------------+-------+-------+-------+-------+-------+-------++-------
Melee: War axe           |    61 |    20 |   392 |   517 |       |       ||   990
       Broad axe         |       |       |       |   136 |   705 |   737 ||  1578
Invok: Lesser Servant of |       |       |       |     8 |    12 |     2 ||    22
       Greater Servant o |       |       |       |       |     1 |     2 ||     3
 Abil: Heal Wounds       |     2 |       |    12 |    20 |    11 |    30 ||    75
Evoke: Wand              |       |       |       |    11 |       |       ||    11
       Tin of tremorston |       |       |       |     3 |     5 |     8 ||    16
  Use: Scroll            |       |       |    12 |    10 |    15 |     5 ||    42
       Potion            |       |       |       |     1 |       |     4 ||     5
 Stab: Distracted        |       |       |       |     2 |     2 |       ||     4
       Invisible         |       |       |       |       |       |     1 ||     1
Armor: Scale mail        |    12 |       |       |       |       |       ||    12
       Plate armour      |    25 |     4 |   264 |   296 |   449 |   267 ||  1305
       Gold dragon scale |       |       |       |       |       |   140 ||   140
Dodge: Dodged            |    13 |     3 |    81 |   117 |   164 |   214 ||   592
Block: Kite shield       |    25 |     8 |   335 |   547 |   736 |   765 ||  2416
       Reflection        |       |       |     9 |    25 |    93 |    53 ||   180

Table legend: (Time is in decaauts)
 A = Elapsed time spent in this place.
 B = Non-inter-level travel time spent in this place.
 C = Inter-level travel time spent in this place.
 D = Time resting spent in this place.
 E = Time spent auto-exploring this place.
 F = Levels seen in this place.
 G = Mean time per level.
                   A        B        C        D        E       F      G
               +--------+--------+--------+--------+--------+-----+--------+
         Total |  15610 |  14002 |   1608 |     40 |   9562 |  37 |  421.9 |
       Dungeon |   9053 |   8245 |    808 |     22 |   6248 |  15 |  603.5 |
        Temple |     38 |     30 |      8 |      0 |     13 |   1 |   38.0 |
          Lair |   2024 |   1679 |    345 |      0 |   1428 |   3 |  674.7 |
        Shoals |   1245 |   1124 |    121 |      0 |    530 |   4 |  311.2 |
   Spider Nest |    554 |    458 |     96 |     18 |     75 |   4 |  138.5 |
  Orcish Mines |   1165 |   1005 |    160 |      0 |    629 |   2 |  582.5 |
        Depths |   1029 |    982 |     47 |      0 |    356 |   5 |  205.8 |
           Zot |    247 |    227 |     20 |      0 |    180 |   2 |  123.5 |
         Abyss |    252 |    252 |      0 |      0 |    101 |   1 |  252.0 |
               +--------+--------+--------+--------+--------+-----+--------+

Top non-repeatable levels by time:
    D:11: 1178 daAuts
    D:10: 1056 daAuts
     D:5: 968 daAuts
  Lair:3: 960 daAuts
     D:9: 918 daAuts
  Lair:2: 874 daAuts
     D:4: 852 daAuts
    D:15: 839 daAuts
    D:13: 795 daAuts
   Orc:2: 773 daAuts
     D:8: 771 daAuts
Shoals:4: 707 daAuts
     D:7: 652 daAuts
     D:6: 634 daAuts
   Orc:1: 391 daAuts
